 Dungeon Crawl Stone Soup version 0.30-a0-1014-g3371b13838 (webtiles) character file.

Game seed: 269214214270557323

196 Malachi the Covert (level 5, -4/43 HPs)
             Began as a Gnoll Brigand on Apr 6, 2023.
             Slain by a wyvern skeleton (13 damage)
             ... on level 3 of the Dungeon.
             The game lasted 00:02:58 (2233 turns).

Malachi the Covert (Gnoll Brigand)                  Turns: 2233, Time: 00:02:58

Health: -4/43      AC:  6    Str: 10    XL:     5   Next: 74%
Magic:  7/7        EV: 13    Int: 10    God:
Gold:   169        SH:  0    Dex: 16    Spells: 7/7 levels left

rFire   + . .      SeeInvis +    u - staff of earth "Nisaogas" {rF+ rCorr}
rCold   . . .      Faith    .    (no shield)
rNeg    . . .      Spirit   .    b - +0 robe
rPois   .          Reflect  .    j - +2 helmet {SInv}
rElec   .          Rampage  .    c - +0 cloak
rCorr   +                        (no gloves)
Will    +....                    (no boots)
Stlth   ++++                     s - amulet of magic regeneration
HPRegen 0.27/turn                k - ring of willpower
MPRegen 0.50/turn                (no ring)

@: no status effects
A: fangs 1, strong nose, distributed training
a: no special abilities


You were on level 3 of the Dungeon.
You visited 1 branch of the dungeon, and saw 3 of its levels.

You collected 169 gold pieces.

Inventory:

Hand Weapons
 a - a +2 dagger
 i - a +0 whip of venom
 v - a +0 dagger of venom
Missiles
 d - 15 poisoned darts (quivered)
 e - 3 curare-tipped darts
Armour
 b - a +0 robe (worn)
 c - a +0 cloak (worn)
 j - a +2 helmet of see invisible (worn)
Magical Staves
 u - the staff of earth "Nisaogas" (weapon) {rF+ rCorr}
   (You found it on level 3 of the Dungeon)

   [staff of earth]

   Base accuracy: +5 Base damage: 5 Base attack delay: 1.2 This weapon's minimum
   attack delay (0.6) is reached at skill level 12.
   rF:        It protects you from fire.
   rCorr:     It protects you from acid and corrosion.
   It falls into the 'Staves' category.
   It is a one-handed weapon.
Jewellery
 k - a ring of willpower (left hand)
 s - an amulet of magic regeneration (around neck)
Scrolls
 f - 2 scrolls of amnesia {unknown}
 m - 2 scrolls of identify {unknown}
 n - a scroll of vulnerability {unknown}
 o - 2 scrolls of teleportation {unknown}
 r - 2 scrolls of immolation {unknown}
 w - a scroll of fog {unknown}
Potions
 g - a potion of lignification {unknown}
 h - 2 potions of mutation {unknown}
 l - a potion of magic {unknown}
 p - 4 potions of ambrosia {unknown}
 q - a potion of berserk rage {unknown}
 t - a potion of heal wounds {unknown}
 x - a potion of resistance {unknown}


   Skills:
 + Level 4.9 Fighting
 + Level 4.9 Short Blades
 + Level 1.7 Long Blades
 + Level 1.7 Axes
 + Level 1.7 Maces & Flails
 + Level 1.7 Polearms
 + Level 1.7 Staves
 + Level 1.7 Ranged Weapons
 + Level 4.9 Throwing
 + Level 1.7 Armour
 + Level 3.1 Dodging
 + Level 8.0 Stealth
 + Level 1.7 Shields
 + Level 1.7 Unarmed Combat
 + Level 1.7 Spellcasting
 + Level 1.3 Conjurations
 + Level 1.3 Hexes
 + Level 1.3 Summonings
 + Level 1.3 Necromancy
 + Level 1.3 Translocations
 + Level 1.3 Transmutations
 + Level 1.3 Fire Magic
 + Level 1.3 Ice Magic
 + Level 1.3 Air Magic
 + Level 1.3 Earth Magic
 + Level 1.3 Poison Magic
 + Level 1.9 Invocations
 + Level 1.7 Evocations


You had 7 spell levels left.
You didn't know any spells.
Your spell library contained the following spells:

 Spells                   Type           Power      Damage    Failure   Level
 Magic Dart               Conj           12%        1d3       19%         1
 Call Imp                 Summ           3%         N/A       28%         2
 Mephitic Cloud           Conj/Pois/Air  3%         N/A       50%         3


Dungeon Overview and Level Annotations

Branches:
Dungeon (3/15)

Altars:
Okawaru

Annotations:
D:3 Zigma's ghost, amateur OpMo


Innate Abilities, Weirdness & Mutations

You have very sharp teeth.
Your uncanny sense of smell can sniff out nearby items.
Your experience applies equally to all skills.


Message History

Okay, then.
Your +0 dagger of venom stops dripping with poison.
u - the staff of earth "Nisaogas" (weapon)
{rF+ rCorr} You open the gate.
The wyvern skeleton completely misses you.
The wyvern skeleton attacks as you move away!
The wyvern skeleton closely misses you.
You hit the wyvern skeleton.
The wyvern skeleton is lightly damaged.
The wyvern skeleton completely misses you.
The wyvern skeleton bites you but does no damage.
You hit the wyvern skeleton but do no damage.
You bite the wyvern skeleton, but do no damage.
The wyvern skeleton is lightly damaged.
The wyvern skeleton bites you. The bullfrog zombie hits you.
You hit the wyvern skeleton.
The wyvern skeleton is lightly damaged.
The wyvern skeleton bites you! The bullfrog zombie closely misses you.
The wyvern skeleton bites you but does no damage.
You hit the wyvern skeleton.
The wyvern skeleton is lightly damaged.
The bullfrog zombie hits you. The wyvern skeleton closely misses you.
The bullfrog zombie barely misses you.
You hit the wyvern skeleton.
You bite the wyvern skeleton, but do no damage.
The wyvern skeleton is moderately damaged.
The wyvern skeleton bites you. The bullfrog zombie barely misses you.
The wyvern skeleton bites you.
You are too injured to fight recklessly!
You are too injured to fight recklessly!
You hit the wyvern skeleton.
The wyvern skeleton is heavily damaged.
The bullfrog zombie hits you but does no damage.
The wyvern skeleton bites you!
* * * LOW HITPOINT WARNING * * *
The bullfrog zombie hits you but does no damage.
You hit the wyvern skeleton.
You shatter the wyvern skeleton.
The wyvern skeleton is heavily damaged.
The wyvern skeleton bites you!
You die...

#............#.#.#.######
#..
##########...#.....#####
#..
#.......'....##...#####..
#.......'...).##......#..
#.......'...$###.......##
#.......#..$.(##...#.#.##
#####...#W#.#.##...._..##
#..Z########...#.#.##
#[.Z@...##.........##
#.......##.........##
##########.........##
###.......##
########.........
#.............#..
#.............##.
#...........####.
#......)....##...


You could see a bullfrog zombie and a wyvern skeleton.

Vanquished Creatures
  A scorpion (D:3)
  A hound (D:2)
  Jessica (D:3)
  2 adders (D:2)
  A worm (D:2)
  2 dart slugs (D:2)
  4 endoplasms
  3 giant cockroaches
  4 goblins
  5 hobgoblins
  10 jackals
  3 kobolds
  2 quokkas
  2 ball pythons
  6 bats (D:1)
  2 frilled lizards (D:1)
  5 rats
54 creatures vanquished.

Vanquished Creatures (others)
  99 plants (D:1)
99 creatures vanquished.

Grand Total: 153 creatures vanquished

Notes
Turn   | Place    | Note
-------+----------+-------------------------------------------
     0 | D:1      | Malachi the Gnoll Brigand began the quest for the Orb.
     0 | D:1      | Reached XP level 1. HP: 20/20 MP: 1/1
   131 | D:1      | Reached XP level 2. HP: 26/26 MP: 2/2
   561 | D:1      | Reached XP level 3. HP: 26/31 MP: 3/3
  1061 | D:2      | Reached skill level 1 in Invocations
  1147 | D:2      | Reached skill level 1 in Long Blades
  1147 | D:2      | Reached skill level 1 in Axes
  1147 | D:2      | Reached skill level 1 in Maces & Flails
  1147 | D:2      | Reached skill level 1 in Polearms
  1147 | D:2      | Reached skill level 1 in Staves
  1147 | D:2      | Reached skill level 1 in Ranged Weapons
  1147 | D:2      | Reached skill level 1 in Armour
  1147 | D:2      | Reached skill level 1 in Shields
  1147 | D:2      | Reached skill level 1 in Unarmed Combat
  1147 | D:2      | Reached skill level 1 in Spellcasting
  1147 | D:2      | Reached skill level 1 in Evocations
  1147 | D:2      | Reached XP level 4. HP: 38/38 MP: 5/5
  1269 | D:2      | Reached skill level 1 in Conjurations
  1269 | D:2      | Reached skill level 1 in Hexes
  1269 | D:2      | Reached skill level 1 in Summonings
  1269 | D:2      | Reached skill level 1 in Necromancy
  1269 | D:2      | Reached skill level 1 in Translocations
  1269 | D:2      | Reached skill level 1 in Transmutations
  1269 | D:2      | Reached skill level 1 in Fire Magic
  1269 | D:2      | Reached skill level 1 in Ice Magic
  1269 | D:2      | Reached skill level 1 in Air Magic
  1269 | D:2      | Reached skill level 1 in Earth Magic
  1269 | D:2      | Reached skill level 1 in Poison Magic
  1906 | D:3      | Noticed Jessica
  1908 | D:3      | Identified the staff of earth "Nisaogas" {rF+ rCorr}
  1915 | D:3      | Killed Jessica
  1916 | D:3      | Reached XP level 5. HP: 28/43 MP: 5/7
  2033 | D:3      | Found an iron altar of Okawaru.
  2086 | D:3      | Reached skill level 8 in Stealth
  2181 | D:3      | Found a runed translucent gate.
  2181 | D:3      | Found a runed translucent gate.
  2181 | D:3      | Found a runed translucent gate.
  2181 | D:3      | Noticed Zigma's ghost (amateur OpMo)
  2233 | D:3      | Slain by a wyvern skeleton

Illustrated notes

Levels and vault maps discovered:
D:1:      roderic_crop_circles_arrival_small, layout_basic, roderic_lattice_a,
          nrook_campfire
D:2:      layout_basic, hangedman_decor_peaks_small, serial_park_tiny_2,
          grunt_ministairs_10
D:3:      layout_basic, mainiacjoe_overflow_cross_hatched,
          mainiacjoe_overflow_catwalk, okawaru_metal_pillars_1_2,
          gammafunk_ghost_necromancy, uniq_jessica

Skill      XL: |  1  2  3  4  5 |
---------------+----------------+-----
Invocations    | 1 |  1.9
Long Blades    | 1 |  1.7
Axes           | 1 |  1.7
Maces & Flails | 1 |  1.7
Polearms       | 1 |  1.7
Staves         | 1 |  1.7
Ranged Weapons | 1 |  1.7
Armour         | 1 |  1.7
Shields        | 1 |  1.7
Unarmed Combat | 1 |  1.7
Spellcasting   | 1 |  1.7
Evocations     | 1 |  1.7
Conjurations   | 1 |  1.3
Hexes          | 1 |  1.3
Summonings     | 1 |  1.3
Necromancy     | 1 |  1.3
Translocations | 1 |  1.3
Transmutations | 1 |  1.3
Fire Magic     | 1 |  1.3
Ice Magic      | 1 |  1.3
Air Magic      | 1 |  1.3
Earth Magic    | 1 |  1.3
Poison Magic   | 1 |  1.3
Dodging        | 3 |  3.1
Stealth        | 8 |  8.0
Fighting       | |  4.9
Short Blades   | |  4.9
Throwing       | |  4.9

Action                     |  1- 3 |  4- 6 || total
---------------------------+-------+-------++-------
  Melee: Dagger            |    91 |    80 ||   171
         Bite              |    10 |     9 ||    19
         Punch             |     1 |     1 ||     2
         Staff             |       |     7 ||     7
   Stab: Sleeping          |    13 |     5 ||    18
 Armour: Robe              |    26 |    24 ||    50
  Dodge: Dodged            |    57 |    46 ||   103

Table legend: (Time is in decaauts)
 A = Elapsed time spent in this place.
 B = Non-inter-level travel time spent in this place.
 C = Inter-level travel time spent in this place.
 D = Time resting spent in this place.
 E = Time spent auto-exploring this place.
 F = Levels seen in this place.
 G = Mean time per level.
                   A        B        C        D        E       F      G
               +--------+--------+--------+--------+--------+-----+--------+
         Total |   2191 |   2152 |     39 |      0 |   1708 |   3 |  730.3 |
       Dungeon |   2191 |   2152 |     39 |      0 |   1708 |   3 |  730.3 |
               +--------+--------+--------+--------+--------+-----+--------+

Top non-repeatable levels by time:
     D:1: 1015 daAuts
     D:2: 846 daAuts
     D:3: 330 daAuts
